Map: Glittering Ashes LE

Players

Pendlay

  • Race: Terran Terran
  • League: Master

llllllllllll - Winner!

  • Race: Terran Terran
  • League: Master

VOD

Have the link to the VOD?

Description

Time

  • Played on: March 6, 2022, 10:16 p.m.
  • Length: 20:24
Show
View Real Time Build Order
Export as new Build Order

Pendlay Terran 

Build Orders:  

Get SALT Encoding   

  12  0:00  SCV  
  13  0:12  SCV  
  14  0:16  Supply Depot  
  14  0:24  SCV  
  15  0:38  SCV  
  15  0:39  Barracks  
  16  0:43  Refinery  
  16  0:50  SCV  
  16  0:52  Refinery  
  17  1:02  SCV  
  18  1:14  SCV  
  19  1:27  Orbital Command, Reaper  
  19  1:28  Supply Depot  
  20  1:43  Factory  
  20  1:52  SCV  
  21  1:59  Reaper  
  22  2:04  SCV  
  23  2:18  Command Center, SCV  
  24  2:31  SCV  
  24  2:34  Hellion  
  27  2:39  Reaper  
  27  2:46  Supply Depot, SCV  
  28  2:53  Starport  
  28  2:55  Widow Mine  
  28  2:58  SCV  
  31  3:05  Refinery  
  31  3:10  SCV  
  31  3:12  Barracks Reactor  
  32  3:20  Factory Tech Lab  
  32  3:22  SCV  
  33  3:30  Starport Tech Lab  
  33  3:31  Orbital Command  
  33  3:34  SCV  
  33  3:39  Cyclone  
  37  3:46  SCV  
  38  3:55  Marine x2  
  38  3:57  SCV  
  38  3:59  SCV, Raven  
  44  4:03  Supply Depot  
  44  4:09  SCV  
  45  4:11  SCV, Siege Tank  
  45  4:16  Marine x2  
  51  4:21  SCV  
  51  4:23  SCV  
  53  4:26  Supply Depot  
  53  4:33  SCV  
  53  4:34  Marine  
  53  4:35  Marine, SCV  
  57  4:44  Siege Tank  
  60  4:45  SCV  
  60  4:49  Supply Depot  
  61  4:55  Marine x2, Raven  
  61  4:56  SCV  
  61  4:58  SCV  
  60  5:08  SCV  
  60  5:10  Command Center  
  60  5:11  SCV  
  60  5:13  Marine  
  63  5:16  Siege Tank  
  66  5:26  Marine  
  66  5:28  Barracks  
  67  5:29  SCV  
  67  5:31  Barracks  
  67  5:32  Refinery  
  67  5:34  Engineering Bay  
  67  5:35  SCV  
  67  5:37  Engineering Bay  
  67  5:51  SCV x2  
  71  5:58  Supply Depot  
  71  6:00  Siege Tank  
  71  6:01  Stimpack, Marine  
  71  6:03  SCV  
  74  6:04  Viking  
  74  6:05  Viking  
  72  6:31  Marine  
  72  6:32  Orbital Command  
  58  6:34  Barracks Reactor x2  
  56  6:49  Marine  
  56  6:52  SCV x2  
  56  6:53  Terran Infantry Armor Level 1, Terran Infantry Weapons Level 1  
  59  6:54  Barracks  
  59  6:55  Viking x2, Barracks  
  59  6:58  SCV  
  64  7:04  SCV x2  
  64  7:06  Siege Tank  
  64  7:07  Marine  
  70  7:14  Marine x3  
  74  7:16  SCV x2  
  74  7:19  Marine, Orbital Command  
  76  7:25  Marine  
  76  7:27  Viking x2  
  76  7:28  SCV x2  
  83  7:32  Marine, Refinery  
  83  7:33  Marine  
  85  7:37  Armory  
  85  7:40  SCV x2  
  85  7:41  Combat Shield  
  85  7:42  Marine  
  88  7:44  Barracks Reactor  
  88  7:46  SCV  
  88  7:48  Barracks Reactor  
  89  7:51  Marine  
  89  7:52  Marine, Siege Tank  
  89  7:53  SCV x2  
  89  7:57  Medivac  
  89  7:58  SCV, Refinery  
  99  8:00  Marine  
  99  8:04  Supply Depot, Marine  
  99  8:05  Supply Depot  
  101  8:07  Marine, SCV  
  101  8:08  Medivac  
  101  8:09  Marine x2, SCV  
  101  8:10  SCV  
  109  8:17  Factory  
  109  8:22  Factory  
  109  8:25  Marine x5, SCV  
  109  8:26  SCV  
  116  8:27  Marine x2  
  116  8:28  Siege Tank  
  116  8:31  Marine x2  
  116  8:33  SCV  
  124  8:39  SCV  
  125  8:42  Supply Depot  
  125  8:48  Supply Depot  
  125  8:49  Supply Depot  
  125  8:50  Supply Depot  
  125  8:54  Supply Depot  
  125  8:56  Sensor Tower  
  125  9:03  Marine x3, Medivac x2  
  125  9:07  Supply Depot  
  125  9:08  SCV  
  133  9:10  Marine x5  
  133  9:11  SCV x2  
  133  9:15  Siege Tank  
  133  9:16  Terran Infantry Armor Level 2, Terran Infantry Weapons Level 2  
  143  9:19  Terran Vehicle Weapons Level 1  
  143  9:21  Marine x3  
  146  9:27  Marine x2  
  148  9:35  Command Center  
  148  9:36  Marine  
  148  9:37  Marine x2  
  148  9:38  Medivac x2  
  155  9:40  Marine x2  
  157  9:46  Barracks Reactor  
  155  9:56  Marine x3  
  155  9:57  SCV, Siege Tank x2  
  165  10:00  Supply Depot x2  
  147  10:32  Marine x10  
  147  10:33  Siege Tank x2  
  134  10:46  Barracks x2  
  134  10:50  Marine x10  
  134  10:54  Refinery  
  144  10:57  SCV x2  
  144  11:03  Refinery, Barracks  
  146  11:05  Siege Tank  
  146  11:08  Marine x4  
  153  11:11  Marine  
  153  11:12  Marine x4  
  153  11:13  Medivac, Siege Tank  
  153  11:16  Marine, SCV  
  153  11:17  Sensor Tower  
  165  11:22  SCV x2  
  165  11:24  Planetary Fortress  
  167  11:31  Marine x2  
  167  11:32  Marine x2, Terran Vehicle Weapons Level 2  
  171  11:41  Terran Infantry Armor Level 3, Terran Infantry Weapons Level 3  
  171  11:42  Barracks Reactor  
  171  11:43  Barracks Reactor  
  171  11:50  Factory  
  171  11:56  Barracks Reactor  
  171  11:57  Marine x5  
  171  11:58  Siege Tank  
  179  12:06  Command Center  
  179  12:17  Marine  
  179  12:18  Marine x4  
  179  12:19  Medivac x2, Siege Tank  
  191  12:26  Command Center  
  191  12:27  Starport  
  191  12:29  Starport  
  191  12:37  Marine x2  
  191  12:38  Marine x2, Factory Tech Lab  
  195  12:50  Marine  
  195  12:51  Marine, Siege Tank  
  197  12:56  Command Center  
  187  13:09  Marine x4  
  191  13:13  Marine x2  
  191  13:17  Marine x2  
  191  13:18  Marine  
  191  13:19  Marine x3  
  197  13:33  Marine x4  
  196  13:39  Marine x3  
  198  13:41  Starport Tech Lab x2  
  198  13:53  Refinery  
  198  13:54  Marine  
  198  13:55  Marine  
  200  13:56  Refinery  
  200  14:12  Orbital Command  
  200  14:14  Planetary Fortress  
  200  14:15  Orbital Command  
  184  14:36  SCV  
  184  14:37  SCV x2  
  177  14:39  SCV  
  177  14:42  Raven x2, Corvid Reactor  
  182  14:49  Marine x3  
  185  14:53  Sensor Tower  
  185  15:01  Marine  
  185  15:02  Viking x2, Siege Tank x2  
  193  15:22  Marine x5  
  193  15:23  Marine  
  193  15:25  Marine  
  200  15:33  Command Center  
  200  15:34  Command Center  
  165  16:07  Raven, Viking x3  
  155  16:16  Siege Tank x2  
  155  16:17  Siege Tank  
  159  16:30  Marine x2  
  161  16:33  Marine  
  161  16:34  Marine x4  
  161  16:36  Reaper  
  161  16:37  Marine x3, Raven, Viking  
  161  16:38  Marine x2  
  176  16:45  Orbital Command  
  176  16:48  Siege Tank  
  176  16:49  Hellbat  
  176  16:50  Raven  
  183  16:58  Command Center  
  183  17:05  Refinery x2  
  181  17:10  Viking x2  
  183  17:18  Starport  
  183  17:19  Raven  
  183  17:21  Starport x3  
  185  17:24  Planetary Fortress  
  185  17:32  Raven  
  187  17:40  Viking x2  
  191  17:53  Siege Tank  
  191  17:56  Starport Tech Lab  
  194  18:00  Starport Tech Lab, Starport Reactor x2  
  194  18:02  Raven  
  196  18:09  Viking  
  113  18:37  Raven x3, Viking  
  113  18:38  Marine x10, Viking x3  
  113  18:39  Marine x6, Siege Tank x2  
  149  18:49  Raven, Viking  
  153  18:56  Marine x6  
  153  18:58  Orbital Command, Refinery  
  151  19:07  Marine x4  
  151  19:08  Marine x2, Siege Tank  
  141  19:11  Siege Tank  
  141  19:13  Refinery  
  142  19:17  Marine x2  
  142  19:18  Marine x3  
  142  19:19  Siege Tank  
  142  19:21  Marine  
  142  19:22  Marine x3  
  142  19:23  Raven  
  148  19:29  Marine x2  
  148  19:40  Siege Tank  
  148  19:43  Siege Tank  
  154  19:47  Marine x3  
  152  19:59  Marine x13  
  127  20:05  Marine x3  
Show
View Real Time Build Order
Export as new Build Order

llllllllllll Terran - Winner!

Build Orders: Cyclone Opening 

Get SALT Encoding   

  12  0:00  SCV  
  13  0:12  SCV  
  14  0:17  Supply Depot  
  14  0:24  SCV  
  15  0:39  SCV, Barracks  
  16  0:45  Refinery  
  16  0:51  SCV  
  16  0:52  Refinery  
  17  1:03  SCV  
  18  1:15  SCV  
  19  1:27  Supply Depot, Orbital Command, Reaper  
  20  1:42  Factory  
  20  1:53  SCV  
  21  2:00  Reaper  
  22  2:05  SCV  
  23  2:17  SCV  
  24  2:26  Factory Tech Lab  
  24  2:29  SCV  
  25  2:31  Command Center  
  25  2:41  SCV  
  26  2:47  Cyclone  
  26  2:49  Barracks Reactor  
  29  2:53  SCV  
  29  2:55  Starport  
  30  3:05  SCV  
  30  3:06  Supply Depot  
  30  3:12  Refinery  
  31  3:27  Marine, SCV  
  31  3:28  Supply Depot, Marine  
  34  3:37  Factory Tech Lab  
  34  3:38  Raven  
  34  3:39  SCV  
  37  3:45  Marine x2, Orbital Command  
  39  3:51  SCV  
  40  3:57  Siege Tank  
  43  4:03  Marine x2, SCV  
  46  4:11  SCV  
  46  4:16  SCV  
  48  4:23  SCV  
  49  4:25  Marine x2, Raven  
  49  4:28  SCV  
  54  4:33  Supply Depot  
  54  4:35  SCV  
  54  4:38  Siege Tank  
  58  4:40  SCV  
  58  4:43  Marine x2  
  61  4:47  SCV  
  61  4:52  SCV  
  61  4:59  SCV  
  61  5:04  SCV  
  64  5:12  Command Center  
  62  5:14  Siege Tank  
  62  5:15  SCV  
  62  5:20  SCV  
  67  5:24  Refinery  
  67  5:27  SCV  
  68  5:31  Barracks  
  68  5:32  Barracks  
  68  5:33  SCV  
  68  5:36  Viking  
  70  5:54  Supply Depot, SCV x2, Viking, Siege Tank  
  70  5:55  Supply Depot  
  77  5:57  Stimpack  
  77  6:06  SCV  
  78  6:15  SCV  
  72  6:27  Marine  
  72  6:33  Barracks Reactor x2  
  72  6:37  SCV, Engineering Bay x2  
  72  6:38  SCV x2  
  73  6:40  Barracks  
  73  6:41  Barracks  
  73  6:44  Marine  
  72  6:51  Viking x2  
  76  6:54  Orbital Command  
  76  6:55  SCV x2  
  78  7:02  Marine  
  78  7:06  Terran Infantry Armor Level 1, Terran Infantry Weapons Level 1  
  78  7:07  SCV x2, Siege Tank  
  84  7:17  Sensor Tower  
  84  7:19  SCV x2  
  84  7:20  SCV  
  87  7:31  SCV  
  87  7:32  SCV  
  87  7:33  SCV  
  90  7:37  Marine, Viking x2  
  90  7:38  Marine x3  
  90  7:39  Barracks Reactor x2, Siege Tank  
  90  7:40  Marine  
  90  7:42  Combat Shield  
  102  7:47  SCV x3  
  102  7:51  Factory  
  105  7:54  Refinery x2  
  105  7:58  Supply Depot  
  105  7:59  SCV x3  
  105  8:00  Supply Depot  
  108  8:11  SCV  
  109  8:20  SCV x2, Viking, Siege Tank  
  109  8:22  Viking  
  109  8:24  Supply Depot x2  
  109  8:26  Armory  
  118  8:41  Marine x7  
  118  8:43  Factory Tech Lab  
  118  8:45  Marine x2  
  127  8:51  Command Center  
  127  8:52  Siege Tank  
  129  8:56  Viking x2  
  133  9:04  Marine  
  133  9:05  Marine x7  
  141  9:12  Sensor Tower  
  141  9:14  Terran Infantry Weapons Level 2  
  141  9:15  Terran Infantry Armor Level 2  
  141  9:21  Supply Depot  
  141  9:22  Supply Depot  
  141  9:23  Supply Depot  
  141  9:35  Terran Vehicle Weapons Level 1  
  141  9:42  Marine x2  
  141  9:43  Siege Tank x2  
  141  9:44  Supply Depot x3, Marine  
  150  9:51  SCV x3  
  153  9:56  Viking x2  
  157  10:03  SCV x3  
  156  10:15  Siege Tank x2  
  156  10:21  Planetary Fortress  
  157  10:26  Viking x2  
  119  10:40  Marine x9  
  128  10:43  Refinery x2  
  128  10:45  Sensor Tower  
  128  10:53  SCV x3  
  135  10:57  Marine  
  135  10:58  Marine x6, Siege Tank x2  
  148  11:05  Marine x2, SCV x3, Medivac x2  
  153  11:15  Marine x7  
  160  11:20  Factory  
  160  11:30  Siege Tank x2  
  166  11:42  Marine x9  
  174  12:00  Marine x5  
  179  12:02  Marine x4, Siege Tank x2  
  179  12:06  Factory Tech Lab  
  189  12:09  Terran Infantry Armor Level 3, Terran Infantry Weapons Level 3, Terran Vehicle Weapons Level 2  
  189  12:18  Marine x3  
  192  12:31  Command Center  
  192  12:34  Siege Tank x2  
  197  12:47  Siege Tank  
  187  13:12  Siege Tank  
  187  13:13  Marine x7, Medivac x2, Siege Tank  
  197  13:41  Siege Tank  
  197  13:45  Planetary Fortress, Siege Tank  
  200  13:53  Sensor Tower  
  200  13:55  Refinery x2  
  193  14:35  Siege Tank x3  
  189  14:42  Starport x3, Terran Vehicle Weapons Level 3  
  189  14:44  Armory  
  189  14:45  Starport  
  185  14:46  Neosteel Armor  
  185  14:48  Viking x2  
  187  15:18  Viking x2  
  180  15:26  Starport Reactor x4  
  171  15:37  Hi-Sec Auto Tracking  
  171  15:38  Terran Vehicle And Ship Armor Level 1  
  170  15:48  Viking x2  
  159  16:05  Siege Tank x3  
  144  16:15  Command Center  
  144  16:17  Command Center  
  144  16:37  Siege Tank x3  
  153  16:55  Command Center  
  153  16:56  Starport Tech Lab  
  153  16:57  Starport Tech Lab  
  153  17:02  Starport Tech Lab  
  153  17:09  Siege Tank x3  
  153  17:10  Sensor Tower  
  158  17:19  Marine x9, Terran Ship Weapons Level 1  
  167  17:24  Starport Tech Lab  
  167  17:31  Orbital Command  
  167  17:32  Orbital Command  
  167  17:36  Marine  
  167  17:37  Marine x5  
  168  17:38  Raven  
  168  17:39  Raven x2  
  168  17:40  Refinery, Medivac x2  
  168  17:41  Marine x3, Siege Tank x3  
  168  17:43  Refinery  
  195  17:51  Barracks  
  195  17:52  Barracks  
  195  17:54  Marine x5  
  195  17:55  Barracks  
  200  18:00  Sensor Tower  
  200  18:12  Marine  
  196  18:13  Siege Tank x2  
  196  18:19  Marine x8, Raven  
  195  18:21  Raven x2  
  173  18:30  Marine  
  160  18:35  Raven  
  160  18:36  Marine, Medivac x2  
  160  18:37  Marine x7  
  160  18:40  Planetary Fortress  
  171  18:48  Marine  
  172  18:54  Marine x5  
  172  18:55  Marine x3  
  177  18:57  Command Center  
  177  19:02  Raven  
  173  19:04  Raven  
  173  19:05  Marine x7  
  181  19:12  Marine x8  
  189  19:23  Marine x2  
  191  19:25  Raven x2  
  196  19:58  Marine  
  196  19:59  Marine x13  
  185  20:02  Marine  
Tags
 
Add a new tag
Caveats
  • Supply blocks, unpowered buildings, or Contaminate may cause inaccurate times.
  • Supply counts are checked every 10 seconds.